 Dungeon Crawl Stone Soup version 0.21-a0-496-g696f58f (webtiles) character file.

44 slep the Skirmisher (level 3, -1/29 HPs)
             Began as a Demonspawn Wanderer on Nov 24, 2017.
             Slain by an adder (2 damage)
             ... on level 2 of the Dungeon.
             The game lasted 00:04:51 (1282 turns).

slep the Skirmisher (Demonspawn Wanderer)           Turns: 1282, Time: 00:04:51

Health: -1/29      AC:  5    Str: 11    XL:     3   Next: 41%
Magic:  3/3        EV: 10    Int: 16    God:
Gold:   77         SH:  0    Dex: 11    Spells: 2/2 levels left

rFire    . . .     SeeInvis .   l - +0 mace
rCold    . . .     Gourm    .   (no shield)
rNeg     . . .     Faith    .   d - +0 ring mail
rPois    .         Spirit   .   (helmet restricted)
rElec    .         Reflect  .   (no cloak)
rCorr    .         Harm     .   (no gloves)
MR       .....                  (no boots)
Stlth    +.........             (no amulet)
HPRegen  0.09/turn              (no ring)
MPRegen  0.08/turn              (no ring)

@: lethally poisoned (-1 -> -8)
A: antennae 1
a: no special abilities


You were on level 2 of the Dungeon.
You were not hungry.

You visited 1 branch of the dungeon, and saw 2 of its levels.

You collected 77 gold pieces.

Inventory:

Hand Weapons
 a - a +2 hand crossbow
 i - a +0 club
 l - a +0 mace (weapon)
Missiles
 b - 21 bolts
Armour
 d - a +0 ring mail (worn)
Scrolls
 h - a scroll of enchant weapon {unknown}
 j - a scroll of remove curse {unknown}
Potions
 c - a potion of lignification
 e - a potion of mutation {unknown}
 k - a potion of agility {unknown}
 m - a potion of magic {unknown}
Comestibles
 f - 2 bread rations
 g - 3 meat rations
 n - a chunk of flesh


   Skills:
 + Level 3.6 Fighting
 + Level 0.1 Maces & Flails
 + Level 2.5 Crossbows
 + Level 1.0 Throwing
 + Level 2.1 Armour
 + Level 1.1 Dodging
   Level 1.0 Shields


You had 2 spell levels left.
You didn't know any spells.

Dungeon Overview and Level Annotations

Branches:
Dungeon (2/15)

Altars:


Innate Abilities, Weirdness & Mutations

You have a pair of small antennae on your head.


Message History

You feel sick. The adder bites you.
* * * LOW HITPOINT WARNING * * *
The adder bites you but does no damage.
You barely miss the adder.
The adder is lightly wounded.
The adder bites you but does no damage.
You hit the adder.
The adder is moderately wounded.
You feel sick. The adder bites you but does no damage. The adder bites you.
* * * LOW HITPOINT WARNING * * *
You are lethally poisoned!
The adder poisons you!
You hit the adder.
The adder is moderately wounded.
The adder closely misses you. The adder bites you but does no damage.
You barely miss the adder.
The adder is moderately wounded.
* * * LOW HITPOINT WARNING * * *
You feel sick. The adder bites you.
You die...

...##.## ######.#######
.................)....#
...##.#.#######..######
...##.#.#######..#
.................#
....#.#..........########
.......########..........
.......# #######..#######
.......+ ......S@.#
.......# ########.#
........ .... ....#.##
#.#.# .#..#รท# #.#.#
......###########.# #
.#..#...........#.#
+#..#...........#.#
....#...........#


You could see an adder.

Vanquished Creatures
  A dart slug (D:1)
  A leopard gecko (D:2)
  8 bats
  4 giant cockroaches
  5 hobgoblins
  4 jackals (D:1)
  2 kobolds (D:1)
  A ball python (D:1)
  3 frilled lizards
  5 goblins
  5 rats (D:1)
39 creatures vanquished.

Notes
Turn   | Place    | Note
-------+----------+-------------------------------------------
     0 | D:1      | slep the Demonspawn Wanderer began the quest for the Orb.
     0 | D:1      | slep set off with: a +2 hand crossbow, 29 bolts, a potion of lignification, a +0 ring mail, a bread ration
     0 | D:1      | Reached XP level 1. HP: 18/18 MP: 1/1
   140 | D:1      | Gained mutation: You have a pair of small antennae on your head. [demonic ancestry]
   140 | D:1      | Reached XP level 2. HP: 23/24 MP: 2/2
   626 | D:1      | Reached XP level 3. HP: 17/29 MP: 3/3
  1282 | D:2      | HP: 1/29 [poisoned by an adder]
  1282 | D:2      | Slain by an adder

Vault maps used:
D:1:      sevenhm_arrival_forest_fort_large_1, serial_bayou_lagoon_a
D:2:      lemuel_coloured_pillars_altar, first_bread, grunt_ministairs_6

Skill      XL: |  1  2 |
---------------+-------+-----
Armour         | 2 |  2.1
Crossbows      | 2 |  2.5
Fighting       | |  3.6
Maces & Flails | |  0.1
Throwing       | |  1.0
Dodging        | |  1.1
Shields        | |  1.0

Action                   || total
-------------------------++-------
Melee: Club              ||    62
       Mace              ||    33
 Fire: Hand crossbow     ||    59
  Eat: Chunk             ||     1
Armor: Ring mail         ||    61
Dodge: Dodged            ||    72

Table legend:
 A = Spawn XP
 B = Non-spawn XP
 C = Spawn XP percentage of total XP
 D = Spawn monster count
 E = Non-spawn monster count
 F = Spawn count percentage of total count
 G = Total turns spent on level
                    A         B        C        D         E        F      G
               +---------+---------+-------+---------+---------+-------+---------
         Total |       0 |      64 |   0.0 |       0 |      39 |   0.0 |  1282
               +---------+---------+-------+---------+---------+-------+---------
           D:1 |       0 |      48 |   0.0 |       0 |      29 |   0.0 |  1020
           D:2 |       0 |      16 |   0.0 |       0 |      10 |   0.0 |   262
               +---------+---------+-------+---------+---------+-------+---------
